 Dungeon Crawl Stone Soup version 0.28-a0-511-gcc94558de3 (webtiles) character file.

Game seed: 528161670604578104

51 jasper the Magician (level 3, -2/26 HPs)
             Began as a Demonspawn Hedge Wizard on Sept 21, 2021.
             Slain by a hound (4 damage)
             ... on level 2 of the Dungeon.
             The game lasted 00:03:54 (2077 turns).

jasper the Magician (Demonspawn Hedge Wizard)       Turns: 2077, Time: 00:03:55

Health: -2/26      AC:  2    Str: 10    XL:     3   Next: 57%
Magic:  0/7        EV: 13    Int: 16    God:
Gold:   84         SH:  0    Dex: 18    Spells: 3/8 levels left

rFire   . . .      SeeInvis .   g - +0 hunting sling
rCold   . . .      Faith    .   (no shield)
rNeg    . . .      Spirit   +   b - +0 robe
rPois   .          Reflect  .   c - +0 hat
rElec   .          Harm     .   (no cloak)
rCorr   .          Rampage  .   (no gloves)
Will    .....                   (no boots)
Stlth   ++........              i - amulet of guardian spirit
HPRegen 0.08/turn               h - +6 ring of dexterity
MPRegen 0.10/turn               (no ring)

@: no status effects
A: antennae 1, powered by death 1
a: no special abilities


You were on level 2 of the Dungeon.
You visited 1 branch of the dungeon, and saw 3 of its levels.

You collected 84 gold pieces.

Inventory:

Hand Weapons
 a - a +0 dagger
 g - a +0 hunting sling (weapon)
Missiles
 e - 36 stones (quivered ammo)
 f - 29 arrows
Armour
 b - a +0 robe (worn)
 c - a +0 hat (worn)
Jewellery
 h - a +6 ring of dexterity (left hand)
 i - an amulet of guardian spirit (around neck)
Potions
 j - 2 potions of ambrosia
 n - a potion of cancellation


   Skills:
 + Level 1.4 Fighting
 + Level 2.3 Dodging
 - Level 1.7 Stealth
 * Level 2.0 Unarmed Combat
 - Level 3.0 Spellcasting
 - Level 1.0 Conjurations
 - Level 1.0 Summonings
 - Level 0.8 Translocations


You had 3 spell levels left.
You knew the following spells:

 Your Spells              Type           Power      Damage    Failure   Level
a - Magic Dart            Conj           20%        1d4       12%         1
b - Call Imp              Summ           5%         N/A       19%         2
c - Blink                 Tloc           N/A        N/A       21%         2

Your spell library contained the following spells:

 Spells                   Type           Power      Damage    Failure   Level
 Slow                     Hex            2%         N/A       28%         2
 Conjure Flame            Conj/Fire      4%         6-21      41%         3
 Mephitic Cloud           Conj/Pois/Air  3%         N/A       43%         3


Dungeon Overview and Level Annotations

Branches:
Dungeon (3/15)

Altars:


Innate Abilities, Weirdness & Mutations

You have a pair of small antennae on your head.
You regenerate a little health from kills.


Message History

You shoot a stone.
The stone hits the hound but does no damage.
The hound is heavily wounded.
The hound bites you but does no damage. The hound completely misses you.
Fire: 39 stones
Press: ? - help, Q - select action, (/) - cycle Shift-Dir - straight line, f/p - hound
Aim: a hound (heavily wounded, 50% to hit)
You shoot a stone. The stone barely misses the hound.
The hound bites you. x2
You take 5 damage, and have 16/26 hp.
Fire: 38 stones
Press: ? - help, Q - select action, (/) - cycle Shift-Dir - straight line, f/p - hound
Aim: a hound (heavily wounded, 50% to hit)
You shoot a stone. The stone barely misses the hound.
The hound stops to sniff the ground.
The hound bites you.
You take 2 damage, and have 14/26 hp.
You now have 0/7 mp.
Fire: 37 stones
Press: ? - help, Q - select action, (/) - cycle Shift-Dir - straight line, f/p - hound
Aim: a hound (heavily wounded, 50% to hit)
You shoot a stone. The stone hits the hound.
The hound is severely wounded.
The hound bites you. x2
You take 6 damage, and have 8/26 hp.
MASSIVE DAMAGE!!
It was a potion of cancellation.
You feel magically purged.
Your magical contamination has completely faded away.
The hound bites you.
* * * LOW HITPOINT WARNING * * *
The hound closely misses you.
You take 2 damage, and have 6/26 hp.
Drop what? 10/52 slots (_ for help) (? for menu, Esc to quit)
The hound bites you.
Keep disrobing?
* * * LOW HITPOINT WARNING * * *
You start removing your amulet.
You continue taking off your amulet of guardian spirit.
The hound barely misses you. The hound misses you.
You continue taking off your amulet of guardian spirit.
The hound bites you.
You die...

#####.# #..###.## ##.##
......## #..# ### #.#
.......# #..# #.#
#####..# #..#########.###
#..# #..............#
#..# #.#########..#.#
###..# #.# #.##.#
##....###.#########.##.#
#...(...(..>..h@.##.##.#
##..##..##.######.##.##.#
...........######.##.##.#
##..##..###..<.......##.#
##..##..# #.#####.#####.#
#...##..###.............#
#.#..........####.#######
..####..####.# #.# #ยง#
#..# #^# #.#


You could see a hound.

Vanquished Creatures
  3 dart slugs
  7 endoplasms
  2 giant cockroaches (D:2)
  3 goblins
  5 hobgoblins
  2 quokkas (D:2)
  6 ball pythons (D:1)
  4 bats
  3 frilled lizards (D:2)
  2 kobolds
  4 rats
41 creatures vanquished.

Notes
Turn   | Place    | Note
-------+----------+-------------------------------------------
     0 | D:1      | jasper the Demonspawn Hedge Wizard began the quest for the
                  | Orb.
     0 | D:1      | Reached XP level 1. HP: 13/13 MP: 4/4
   654 | D:1      | Reached skill level 1 in Unarmed Combat
   654 | D:1      | Gained mutation: You have a pair of small antennae on your
                  | head. [demonic ancestry]
   654 | D:1      | Reached XP level 2. HP: 20/20 MP: 6/6
   778 | D:1      | Learned a level 2 spell: Call Imp
   781 | D:1      | Learned a level 2 spell: Blink
   986 | D:1      | Reached skill level 1 in Fighting
  1348 | D:2      | Found a faded altar of an unknown god.
  1361 | D:2      | Gained mutation: You regenerate a little health from kills.
                  | [demonic ancestry]
  1361 | D:2      | Reached XP level 3. HP: 26/26 MP: 7/7
  2077 | D:2      | Slain by a hound

Illustrated notes

Levels and vault maps discovered:
D:1:      elethiomel_arrival_infinity_welcomes_careful_drivers, layout_rooms
D:2:      layout_loops_ring, ebering_ecumenical_altar_box
D:3:      layout_basic

Skill      XL: |  1  2  3 |
---------------+----------+-----
Dodging        | 2 |  2.3
Unarmed Combat | 1 2 |  2.0
Fighting       | 1 |  1.4
Stealth        | |  1.7
Spellcasting   | |  3.0
Conjurations   | |  1.0
Summonings     | |  1.0
Translocations | |  0.8

Action                   || total
-------------------------++-------
 Fire: Hunting sling     ||    93
 Cast: Magic Dart        ||    13
       Call Imp          ||     1
  Use: Scroll            ||     5
       Potion            ||     1
Armor: Robe              ||     5
Dodge: Dodged            ||    25

Table legend: (Time is in decaauts)
 A = Elapsed time spent in this place.
 B = Non-inter-level travel time spent in this place.
 C = Inter-level travel time spent in this place.
 D = Time resting spent in this place.
 E = Time spent auto-exploring this place.
 F = Levels seen in this place.
 G = Mean time per level.
                   A        B        C        D        E       F      G
               +--------+--------+--------+--------+--------+-----+--------+
         Total |   2094 |   2013 |     81 |    292 |   1291 |   3 |  698.0 |
       Dungeon |   2094 |   2013 |     81 |    292 |   1291 |   3 |  698.0 |
               +--------+--------+--------+--------+--------+-----+--------+

Top non-repeatable levels by time:
     D:1: 1304 daAuts
     D:2: 787 daAuts
     D:3: 1 daAuts
